 Dungeon Crawl Stone Soup version 0.29-a0-666-g26d293caef (webtiles) character file.

Game seed: 13423019907166274417

140 LetschGu the Skirmisher (level 5, -13/40 HPs)
             Began as a Djinni Warper on June 23, 2022.
             Mangled by an ice beast (15 damage)
             ... on level 2 of the Dungeon.
             The game lasted 00:12:12 (3853 turns).

LetschGu the Skirmisher (Djinni Warper)             Turns: 3853, Time: 00:12:13

Health: -13/40     AC:  4    Str: 10    XL:     5   Next: 47%
Gold:   115        EV: 11    Int: 17    God:
                   SH:  0    Dex: 12

rFire   + + .      SeeInvis .   a - +0 spear
rCold   x . .      Faith    .   (no shield)
rNeg    . . .      Spirit   .   b - +0 leather armour
rPois   ∞          Reflect  .   (no helmet)
rElec   .          Harm     .   i - +0 cloak {rCorr}
rCorr   +          Rampage  .   (no gloves)
Will    .....                   (boots unavailable)
Stlth   +.........              (no amulet)
HPRegen 0.13/turn               (no ring)
MPRegen 0.00/turn               (no ring)

@: confused, flying
A: sickness immunity, fire resistance 2, cold vulnerability 1, float, innate
caster, HP casting, extra vitality 1
a: no special abilities


You were on level 2 of the Dungeon.
You visited 1 branch of the dungeon, and saw 3 of its levels.

You collected 115 gold pieces.

Inventory:

Hand Weapons
 a - a +0 spear (weapon)
 k - a +3 dagger
Missiles
 d - 5 boomerangs (quivered)
Armour
 b - a +0 leather armour (worn)
 i - a +0 cloak of preservation (worn)
Jewellery
 f - a +6 ring of intelligence
 o - a ring of resist corrosion
Scrolls
 e - a scroll of magic mapping {unknown}
 g - a scroll of enchant armour {unknown}
 h - a scroll of noise
 j - a scroll of teleportation {unknown}
 m - 2 scrolls of enchant weapon {unknown}
 p - a scroll of poison {unknown}
Potions
 l - a potion of brilliance
 n - a potion of resistance


   Skills:
 * Level 3.2 Fighting
 + Level 2.1 Polearms
 - Level 0.7 Throwing
 * Level 2.6 Armour
 - Level 2.1 Dodging
 * Level 3.1 Spellcasting


You couldn't memorise any spells.
You knew the following spells:

 Your Spells              Type           Power      Damage    Failure   Level
a - Blink                 Tloc           26%        N/A       10%         2
b - Lesser Beckoning      Tloc           13%        N/A       19%         3
c - Gell's Gravitas       Tloc           13%        N/A       19%         3
d - Teleport Other        Tloc           13%        N/A       19%         3
e - Manifold Assault      Tloc           13%        N/A       86%         5
f - Summon Small Mammal   Summ           52%        N/A       6%          1
g - Passwall              Tmut/Erth      10%        N/A       10%         2
Your spell library was empty.

Dungeon Overview and Level Annotations

Branches:
Dungeon (3/15)

Altars:
Fedhas
Vehumet

Annotations:
D:2 Natasha, Sigmund
D:3 Grinder


Innate Abilities, Weirdness & Mutations

You are immune to sickness and miasma.
You are immune to poison.
Your flesh is very heat resistant. (rF++)
You are vulnerable to cold. (rC-)
You float through the air rather than walking.
You learn spells naturally, not from books.
Your magical power is your life essence.
You have superior vitality. (+4 MHP)


Message History

The ice beast barely misses you. The ice beast attacks as you move away!
The ice beast hits you. The ice beast freezes you!
You feel a terrible chill! The ice beast attacks as you move away!
The ice beast hits you. The ice beast freezes you!
You feel a terrible chill!
* * * LOW HITPOINT WARNING * * *
Casting: Summon Small Mammal (safe; 6% risk of failure)
Confirm with . or Enter, or press ? or * to list all spells.
You blink.
* * * LOW HITPOINT WARNING * * *
You feel stable enough to blink again.
Sigmund shouts!
Sigmund hits you from afar with a +0 scythe.
* * * LOW HITPOINT WARNING * * *
Unknown command.
Blink to where?
Press: ? - help, Dir - move target
As you read the scroll of blinking, it crumbles to dust.
Casting: Blink (safe; 10% risk of failure)
Confirm with . or Enter, or press ? or * to list all spells.
* * * LOW HITPOINT WARNING * * *
Sigmund points at you and mumbles some strange words.
You are confused.
You're too confused to cast spells.
Non-targeted confused throw: 5 boomerangs
Press: ? - help, Q - select action, (/) - cycle Dir - look around, f - activate You throw a boomerang.
Sigmund closely misses your bat.
You're too confused to cast spells.
Non-targeted confused throw: 5 boomerangs
Press: ? - help, Q - select action, (/) - cycle Dir - look around, f - activate You throw a boomerang.
Your bat hits Sigmund.
Your bat hits Sigmund but does no damage.
Sigmund hits you from afar with a +0 scythe.
* * * LOW HITPOINT WARNING * * *
Your bat misses Sigmund. The ice beast hits you.
* * * LOW HITPOINT WARNING * * *
The ice beast freezes you!
You feel a terrible chill!
You die...

#.....##########.#####.#
#.....#..............#.#
#.....#..............#.#
#.....#..............#.#
#.....#..............#.#
###..................#.#
.......................#
.....................###
................@....#
..>...........b@Y....#
###'###..............#
#'###..............#
...........###.#####
h...........# #...Y.#
.............# #####.#
.............# #.#
.............# #.#


You could see an ice beast, Sigmund (ally target) and a friendly bat (summoned).

Vanquished Creatures
  An orc wizard (D:3)
  An adder (D:2)
  A dart slug (D:1)
  4 orcs
  5 ball pythons
  2 endoplasms
  2 giant cockroaches (D:1)
  4 goblins
  4 hobgoblins (D:1)
  6 jackals (D:1)
  4 quokkas
  4 bats
  2 frilled lizards
  2 kobolds
  A rat (D:3)
43 creatures vanquished.

Vanquished Creatures (collateral kills)
  A river rat (D:3)
  3 adders (D:2)
  A ball python (D:3)
  2 endoplasms
  A giant cockroach (D:3)
  2 goblins
  2 hobgoblins (D:2)
  A jackal (D:1)
  A quokka (D:2)
  A bat (D:3)
  A kobold (D:1)
  A rat (D:3)
17 creatures vanquished.

Vanquished Creatures (others)
  4 plants (D:1)
4 creatures vanquished.

Grand Total: 64 creatures vanquished

Notes
Turn   | Place    | Note
-------+----------+-------------------------------------------
     0 | D:1      | LetschGu the Djinni Warper began the quest for the Orb.
     0 | D:1      | LetschGu set off with the following spells memorised:
                  | Blink, Lesser Beckoning, Gell's Gravitas, Teleport Other,
                  | Manifold Assault.
     0 | D:1      | Reached XP level 1. HP: 18/18 MP: 0/0
   199 | D:1      | Reached XP level 2. HP: 9/23 MP: 0/0
   896 | D:1      | Reached XP level 3. HP: 29/29 MP: 0/0
   896 | D:1      | Learned a level 1 spell: Summon Small Mammal
  1962 | D:2      | Found a blossoming altar of Fedhas.
  1998 | D:2      | Noticed Natasha
  2032 | D:2      | Reached XP level 4. HP: 33/34 MP: 0/0
  2186 | D:2      | Noticed Sigmund
  2199 | D:3      | Noticed Grinder
  2205 | D:3      | Noticed an ice beast
  3401 | D:3      | Reached XP level 5. HP: 39/40 MP: 0/0
  3401 | D:3      | Learned a level 2 spell: Passwall
  3853 | D:2      | HP: 2/40 [ice beast (4)]
  3853 | D:2      | Mangled by an ice beast

Illustrated notes

Levels and vault maps discovered:
D:1:      eino_arrival_water_star, layout_basic, serial_forest,
          infiniplex_forest_zigzag_2, infiniplex_forest_lined_room_,
          infiniplex_forest_clump_double, infiniplex_forest_clump_medium,
          infiniplex_forest_straight_4
D:2:      layout_basic, basic_altar, uniq_natasha, uniq_sigmund
D:3:      layout_rooms, mainiacjoe_overflow_tiny_flanked,
          basic_ecumenical_altar, gup_sewer_entry_bowl, hex_large,
          chequers_decorated_corner, uniq_grinder

Skill      XL: |  1  2  3  4 |
---------------+-------------+-----
Armour         | 2 |  2.6
Polearms       | 2 |  2.1
Spellcasting   | 3 |  3.1
Fighting       | 3 |  3.2
Throwing       | |  0.7
Dodging        | |  2.1

Action                   |  1- 3 |  4- 6 || total
-------------------------+-------+-------++-------
Melee: Spear             |   110 |   100 ||   210
       Punch             |     2 |       ||     2
Throw: Boomerang         |    19 |     7 ||    26
 Cast: Summon Small Mamm |    17 |    39 ||    56
       Blink             |       |     3 ||     3
  Use: Scroll            |     3 |     3 ||     6
 Stab: Distracted        |     1 |     1 ||     2
       Sleeping          |       |     1 ||     1
Armor: Leather armour    |    27 |    55 ||    82
Dodge: Dodged            |    59 |   115 ||   174

Table legend: (Time is in decaauts)
 A = Elapsed time spent in this place.
 B = Non-inter-level travel time spent in this place.
 C = Inter-level travel time spent in this place.
 D = Time resting spent in this place.
 E = Time spent auto-exploring this place.
 F = Levels seen in this place.
 G = Mean time per level.
                   A        B        C        D        E       F      G
               +--------+--------+--------+--------+--------+-----+--------+
         Total |   3867 |   3597 |    270 |    861 |   1676 |   3 | 1289.0 |
       Dungeon |   3867 |   3597 |    270 |    861 |   1676 |   3 | 1289.0 |
               +--------+--------+--------+--------+--------+-----+--------+

Top non-repeatable levels by time:
     D:1: 1926 daAuts
     D:2: 1478 daAuts
     D:3: 462 daAuts
